Map: Abiogenesis LE

Players

katykys - Winner!

  • Race: Terran Terran
  • League: Platinum
  • Spawn Location: 11:00

CynderQuil

  • Race: Terran Terran
  • League: Platinum
  • Spawn Location: 5:00

VOD

Have the link to the VOD?

Description

Time

  • Played on: March 10, 2018, 12:29 p.m.
  • Length: 30:58
Show
View Real Time Build Order
Export as new Build Order

katykys Terran - Winner!

Build Orders:  

Get SALT Encoding   

  12  0:02  SCV  
  13  0:14  SCV  
  13  0:18  Supply Depot  
  14  0:26  SCV  
  15  0:42  SCV  
  16  0:43  Barracks  
  16  0:47  Refinery  
  16  0:54  SCV  
  17  1:01  Barracks  
  17  1:06  SCV  
  19  1:18  SCV  
  19  1:32  Marine  
  20  1:50  Factory  
  20  1:53  Marine  
  21  1:55  Marine  
  21  1:58  Orbital Command  
  22  2:03  Engineering Bay  
  22  2:11  Marine  
  22  2:12  Supply Depot  
  23  2:16  Barracks Tech Lab  
  23  2:34  SCV  
  23  2:35  Supply Depot  
  24  2:38  Stimpack  
  24  2:46  SCV  
  24  2:49  Refinery  
  24  2:50  Widow Mine  
  27  2:54  Marine  
  28  2:58  SCV  
  29  3:10  SCV  
  30  3:18  Marine  
  31  3:21  Command Center  
  31  3:26  Terran Infantry Weapons Level 1  
  31  3:35  SCV  
  32  3:42  Supply Depot  
  31  3:50  Factory Tech Lab  
  31  3:51  SCV  
  32  4:01  Bunker  
  32  4:09  Barracks Reactor  
  32  4:11  Marine  
  32  4:12  SCV  
  32  4:15  Widow Mine  
  36  4:27  Armory  
  36  4:31  SCV  
  37  4:32  Starport  
  37  4:33  Orbital Command  
  37  4:39  Marine  
  37  4:43  SCV  
  39  4:50  Barracks  
  39  4:53  Barracks  
  39  4:55  SCV  
  40  5:01  Supply Depot  
  35  5:08  SCV  
  32  5:16  Marine x2  
  34  5:24  Cyclone  
  37  5:33  Liberator  
  37  5:35  Supply Depot  
  37  5:36  Marine  
  37  5:37  Marine  
  37  5:42  Drilling Claws  
  41  5:52  SCV  
  43  6:06  Siege Tank  
  43  6:07  Marine  
  43  6:08  Marine  
  43  6:10  Marauder  
  50  6:24  Marine x2  
  50  6:25  Marine  
  53  6:33  Medivac  
  53  6:38  Cyclone  
  58  6:49  SCV  
  59  6:56  Terran Infantry Armor Level 1, Command Center  
  59  7:07  Marine x3  
  59  7:08  Marine  
  63  7:16  Supply Depot  
  63  7:31  Starport Tech Lab  
  63  7:38  Marine  
  64  7:47  Siege Tank  
  67  7:52  Marine  
  67  7:53  Marine x2  
  67  7:54  Marine  
  67  7:57  Supply Depot  
  71  8:07  Viking  
  73  8:34  SCV  
  74  8:41  Medivac  
  75  9:13  Widow Mine  
  75  9:16  Planetary Fortress  
  77  9:46  Missile Turret  
  76  10:09  Marine x3  
  79  10:45  Supply Depot  
  79  10:54  Command Center  
  79  11:06  Siege Tank, Marine x2  
  79  11:08  Supply Depot  
  79  11:39  Siege Tank  
  35  12:27  SCV  
  36  12:34  Barracks  
  16  13:10  Command Center  
  12  14:24  Command Center  
  10  15:40  SCV  
  11  15:52  SCV  
  12  16:04  SCV  
  13  16:14  Supply Depot  
  13  16:17  SCV  
  14  16:29  SCV  
  15  16:42  SCV  
  16  16:49  Barracks  
  16  16:54  SCV  
  17  17:02  Barracks  
  17  17:06  SCV  
  18  17:18  SCV  
  19  17:46  SCV  
  20  17:52  Marine  
  20  18:18  Marine  
  20  18:38  Orbital Command  
  20  18:55  Marine  
  21  19:04  SCV  
  21  19:17  Supply Depot  
  21  19:19  SCV  
  21  19:21  Marine  
  23  19:25  SCV  
  24  19:34  Marine  
  25  19:41  Factory  
  25  19:49  Barracks Reactor  
  25  19:50  Barracks  
  25  19:54  SCV  
  25  19:55  Marine  
  27  20:07  SCV  
  28  20:21  Marine  
  28  20:22  SCV  
  28  20:28  Orbital Command  
  30  20:32  Cyclone  
  30  20:35  SCV  
  34  20:37  Marine  
  34  20:38  Marine  
  34  20:42  Barracks Tech Lab  
  36  20:52  Starport  
  36  20:53  SCV  
  36  20:54  SCV  
  38  20:58  Marine  
  38  21:00  Marine  
  40  21:10  Widow Mine  
  42  21:12  SCV  
  42  21:18  Marine  
  43  21:20  Marine x2  
  46  21:45  Supply Depot  
  46  21:47  Supply Depot  
  46  21:48  Supply Depot  
  46  21:51  Refinery  
  46  21:58  Supply Depot  
  46  21:59  Supply Depot  
  46  22:00  Starport Reactor  
  46  22:07  SCV, Marine  
  48  22:08  Engineering Bay  
  48  22:11  Engineering Bay  
  48  22:16  Factory Reactor  
  48  22:19  SCV  
  49  22:31  Barracks  
  49  22:32  SCV  
  49  22:33  Barracks  
  51  22:37  Supply Depot, SCV  
  51  22:40  Supply Depot  
  51  22:44  SCV, Armory  
  52  22:45  Marine  
  52  22:46  Marine  
  52  22:48  Medivac  
  52  22:49  Viking, SCV  
  59  22:56  SCV  
  60  23:01  SCV  
  60  23:03  Barracks Reactor  
  61  23:09  Widow Mine x2  
  61  23:12  Marine x2  
  66  23:17  SCV  
  66  23:19  SCV  
  69  23:23  Refinery  
  69  23:32  SCV  
  70  23:40  SCV  
  71  23:47  SCV  
  72  23:52  SCV  
  73  23:57  Medivac, Viking  
  73  23:59  Marine x2  
  73  24:01  Barracks Reactor  
  73  24:02  Barracks Reactor  
  79  24:06  Marine  
  80  24:18  Widow Mine x2  
  80  24:20  Terran Infantry Armor Level 2  
  80  24:23  SCV  
  85  24:28  Refinery x2  
  85  24:35  SCV  
  83  24:40  Widow Mine x2  
  87  24:47  SCV  
  88  25:00  SCV, Marine x4  
  88  25:01  Marine  
  94  25:11  Supply Depot x2  
  94  25:12  Supply Depot  
  94  25:14  Supply Depot  
  94  25:16  Supply Depot  
  94  25:26  Command Center  
  94  25:30  Supply Depot  
  94  25:32  Supply Depot, Marine x4  
  94  25:33  Widow Mine x2, Terran Infantry Weapons Level 2  
  94  25:34  Supply Depot  
  102  25:36  Supply Depot  
  102  25:51  Marine x3  
  102  25:52  Marine x2  
  102  25:54  Supply Depot  
  83  26:08  Widow Mine  
  83  26:09  Widow Mine  
  87  26:13  Marine x4  
  87  26:14  Marine  
  87  26:15  Marine  
  87  26:17  Marine  
  94  26:31  Marine x3  
  97  26:33  Viking x2  
  97  26:38  Widow Mine x2  
  97  26:39  Marine x4  
  109  26:42  Planetary Fortress  
  109  26:59  Widow Mine x2  
  109  27:00  Marine x2  
  115  27:09  Marine  
  115  27:10  Marine x2  
  115  27:11  Medivac  
  115  27:12  Viking  
  122  27:15  Terran Infantry Armor Level 3  
  122  27:16  SCV  
  123  27:23  SCV x2  
  125  27:34  Widow Mine x2  
  129  27:38  Marine x3  
  129  27:39  Marine x2  
  129  27:40  Marine  
  129  27:41  Marine  
  129  27:44  SCV x2  
  137  27:45  SCV  
  137  27:48  Medivac  
  137  27:49  Viking  
  143  27:53  Terran Ship Weapons Level 1  
  143  27:59  Marine  
  143  28:00  Marine x4  
  143  28:01  Marine  
  143  28:02  Supply Depot  
  143  28:03  Marine  
  143  28:04  SCV x2  
  153  28:05  SCV  
  153  28:09  Refinery  
  153  28:25  Supply Depot  
  153  28:27  Marine x5  
  153  28:28  Marine  
  153  28:32  Medivac, Viking  
  165  28:34  Widow Mine x2  
  167  28:44  Refinery  
  167  28:45  Marine  
  167  28:46  Marine x2  
  170  28:54  Barracks  
  170  28:58  Marine x3  
  173  29:21  Marine x4  
  173  29:22  Marine  
  173  29:23  Marine  
  179  29:25  Viking  
  179  29:26  Viking  
  183  29:42  Barracks  
  183  30:04  Marine  
  183  30:05  Marine x2  
  186  30:07  Marine x2  
  186  30:11  Widow Mine  
  186  30:12  Widow Mine  
Show
View Real Time Build Order
Export as new Build Order

CynderQuil Terran 

Build Orders:  

Get SALT Encoding   

  12  0:00  SCV  
  13  0:13  SCV  
  14  0:21  Supply Depot  
  14  0:25  SCV  
  15  0:46  SCV, Barracks  
  16  0:51  Refinery  
  16  0:58  SCV  
  17  1:10  SCV  
  18  1:28  SCV  
  19  1:37  Supply Depot  
  19  1:39  Barracks Reactor  
  19  1:40  SCV  
  20  1:58  Command Center  
  20  2:05  Orbital Command  
  20  2:10  Refinery  
  20  2:16  Factory  
  20  2:17  Marine  
  20  2:19  Marine  
  22  2:35  SCV  
  23  2:44  Marine x2  
  24  2:47  SCV  
  26  2:51  Supply Depot  
  26  3:09  Barracks Reactor  
  26  3:15  Cyclone x2  
  26  3:18  Orbital Command  
  32  3:22  Refinery  
  32  3:26  SCV  
  33  3:34  Supply Depot  
  33  3:38  SCV  
  34  3:44  SCV  
  35  3:50  SCV  
  35  3:54  Marine x2  
  38  3:56  SCV  
  38  3:59  Cyclone  
  42  4:03  Cyclone  
  42  4:06  SCV  
  46  4:11  Supply Depot  
  46  4:17  SCV  
  46  4:18  SCV  
  46  4:23  Marine x2  
  50  4:42  SCV x2  
  52  4:51  Starport  
  52  4:54  SCV x2  
  52  4:55  Refinery  
  54  5:06  SCV x2  
  55  5:18  SCV  
  56  5:25  Cyclone x2  
  56  5:26  Marine x2  
  64  5:35  SCV  
  64  5:36  SCV  
  64  5:40  Starport Reactor  
  66  5:43  Factory  
  66  5:48  SCV x2  
  68  6:06  Liberator x2  
  68  6:11  Marine x2  
  68  6:17  Supply Depot  
  70  6:18  Supply Depot  
  70  6:21  Cyclone x2  
  70  6:25  SCV x2  
  84  6:47  Factory Tech Lab  
  84  6:49  Supply Depot  
  84  6:53  Supply Depot, Cyclone x2, Marine x2  
  92  7:04  Liberator  
  92  7:07  Liberator  
  92  7:18  Siege Tank, Marine x2  
  100  7:25  Cyclone x2  
  109  7:41  Command Center  
  109  7:55  Bunker  
  109  7:58  Siege Tank  
  112  8:04  Marine x2  
  112  8:05  Cyclone  
  117  8:09  Supply Depot  
  117  8:10  Supply Depot  
  117  8:31  Cyclone  
  120  9:05  Engineering Bay  
  120  9:07  Orbital Command  
  120  9:10  SCV x2  
  120  9:11  Refinery  
  122  9:21  Siege Tank  
  122  9:22  SCV, Marine x2  
  122  9:23  Cyclone x2, SCV  
  135  9:26  Medivac x2  
  139  9:35  SCV x2  
  139  9:37  Refinery  
  138  10:05  SCV x3  
  141  10:12  Supply Depot  
  141  10:17  SCV x3  
  141  10:20  Siege Tank  
  147  10:22  Marine x2  
  147  10:27  Supply Depot  
  149  10:29  Supply Depot  
  149  10:33  Cyclone, Medivac x2  
  149  10:35  Supply Depot  
  156  10:49  Supply Depot  
  156  10:52  Supply Depot  
  156  10:53  Siege Tank  
  159  10:57  Supply Depot  
  159  11:15  Supply Depot  
  129  11:45  Liberator x2  
  102  12:03  Cyclone x2  
  102  12:04  Marine x2  
  102  12:05  Siege Tank  
  119  12:28  Command Center  
  119  12:36  Command Center  
  119  13:03  SCV x3  
  122  13:15  Siege Tank, SCV x2, Marine  
  122  13:16  Marine  
  122  13:17  Cyclone x2  
  122  13:18  Medivac x2  
  139  13:31  Refinery  
  139  14:16  Orbital Command  
  139  14:19  Orbital Command  
  139  14:24  SCV x3  
  142  14:33  Refinery  
  142  14:36  SCV x3  
  145  14:47  Fusion Core  
  145  14:50  Armory  
  145  14:53  Armory  
  145  14:57  SCV x3  
  145  14:58  SCV x2  
  150  15:09  SCV x3  
  150  15:10  SCV x2  
  155  15:19  Sensor Tower  
  155  15:44  Terran Ship Weapons Level 1  
  155  15:45  Weapon Refit, Terran Vehicle And Ship Armor Level 1  
  155  15:55  Starport x2  
  155  15:58  Starport  
  97  16:42  Starport Tech Lab x2  
  97  16:43  Starport Tech Lab  
  97  16:50  Battlecruiser  
  103  16:55  Starport  
  103  17:00  Starport  
  103  17:01  Starport  
  103  17:33  Starport Tech Lab  
  103  17:34  Battlecruiser x3, Refinery  
  121  17:37  Refinery  
  121  17:46  Starport Reactor  
  121  17:47  Starport Reactor  
  127  18:27  Battlecruiser x2  
  133  18:42  Terran Ship Weapons Level 2  
  133  18:43  Terran Vehicle And Ship Armor Level 2  
  133  18:48  Starport Tech Lab  
  133  18:54  Starport Reactor  
  133  18:58  Battlecruiser  
  133  18:59  Battlecruiser x2  
  149  19:19  Battlecruiser  
  134  20:12  Battlecruiser x3  
  134  20:13  Battlecruiser x2  
  164  20:22  Command Center  
  164  20:24  Command Center x2  
  164  20:27  Starport Tech Lab  
  164  21:02  Terran Ship Weapons Level 3  
  164  21:03  Terran Vehicle And Ship Armor Level 3  
  164  21:05  Battlecruiser  
  164  21:06  Battlecruiser  
  176  21:16  Battlecruiser x2  
  176  21:17  Battlecruiser  
  194  21:23  Refinery  
  194  21:32  Refinery  
  194  21:45  Refinery  
  194  21:47  Refinery  
  194  21:50  Refinery  
  194  21:53  Battlecruiser, Refinery  
  200  23:51  Orbital Command  
  200  23:52  Orbital Command  
  200  23:59  Orbital Command  
  200  25:07  Command Center  
  200  25:15  Command Center  
  200  25:23  Command Center  
  200  25:25  Command Center  
  200  25:35  Command Center  
  196  26:53  Orbital Command  
  196  26:57  Command Center  
  196  27:26  Command Center  
  196  27:30  Command Center  
  196  27:35  Command Center  
  196  27:40  Command Center x2  
  196  27:43  Command Center  
  196  27:44  Command Center  
  196  27:45  Command Center x2  
  196  27:47  Command Center  
  196  27:49  Command Center  
  196  27:53  Command Center  
  196  27:54  Command Center  
  196  27:55  Command Center  
  196  27:59  Command Center  
  196  28:02  Command Center  
  196  28:03  Command Center  
  196  28:05  Command Center x2  
  196  28:07  Command Center  
  196  28:08  Command Center  
  196  28:41  Orbital Command  
  196  28:48  Orbital Command x2  
  196  29:10  Command Center  
  196  29:15  Orbital Command x2  
  196  29:18  Orbital Command  
  196  29:19  Orbital Command  
  196  29:22  Orbital Command  
  196  29:23  Orbital Command  
  196  29:24  Orbital Command  
  196  29:57  Orbital Command  
  196  29:58  Orbital Command  
  196  29:59  Orbital Command  
  196  30:01  Orbital Command x2  
  196  30:03  Orbital Command  
Tags
 
Add a new tag
Caveats
  • Supply blocks, unpowered buildings, or Contaminate may cause inaccurate times.
  • Supply counts are checked every 10 seconds.